 Dungeon Crawl Stone Soup version 0.28.0-53-g5a82cb258f (console) character file.

Game seed: 17954022093271081748

65697 erker the Transmogrifier (level 15, -12/90 HPs)
             Began as an Octopode Earth Elementalist on July 23, 2022.
             Was an Initiate of Gozag.
             Mangled by an eight-headed hydra (17 damage)
             ... on level 6 of the Lair of Beasts.
             The game lasted 02:41:03 (30587 turns).

erker the Transmogrifier (OpEE)                    Turns: 30587, Time: 02:41:04

Health: -12/90     AC:  1    Str: 28    XL:     15   Next: 17%
Magic:  17/27      EV: 14    Int: 33    God:    Gozag
Gold:   1535       SH:  0    Dex: 14    Spells: 8/30 levels left

rFire   + . .      SeeInvis +   a - +5 dagger (vamp)
rCold   + . .      Faith    .   (no shield)
rNeg    . . .      Spirit   .   (helmet restricted)
rPois   +          Reflect  .   N - amulet of regeneration
rElec   .          Harm     .   j - +6 ring of strength
rCorr   +          Rampage  .   h - ring of Sorepodi {Str+6 Stlth+}
Will    +++..                   C - ring of willpower
Stlth   +++++++...              r - +6 ring of intelligence
HPRegen 1.05/turn               c - ring of Ocoafol {Will+ Str+4}
MPRegen 0.20/turn               g - ring "Meapsaamij" {rC+ rCorr Int+4}
                                W - ring of see invisible
                                T - ring of the Endless Expanse {rPois rF+ Str+4 Stlth+}

@: no status effects
A: almost no armour, amphibious, 8 rings, camouflage 1, gelatinous body 1,
(nimble swimmer 1), tentacles
a: Renounce Religion, Potion Petition, Call Merchant, Bribe Branch


You were on level 6 of the Lair of Beasts.
You worshipped Gozag.
Gozag was most pleased with you.
You visited 4 branches of the dungeon, and saw 21 of its levels.
You also visited: Bailey and Gauntlet.

You collected 5094 gold pieces.
You spent 685 gold pieces at shops.
You paid 2874 gold pieces to Gozag.

Inventory:

Hand Weapons
 a - a +5 vampiric dagger (weapon)
 b - a +0 quick blade
Missiles
 l - 15 poisoned darts (quivered)
 w - a throwing net
 A - 190 stones
 G - 3 curare-tipped darts
 K - 6 atropa-tipped darts
Armour
 E - a +0 buckler
Magical Staves
 u - a staff of conjuration
 F - a staff of cold
Jewellery
 c - the ring of Ocoafol (on tentacle) {Will+ Str+4}
   (You found it in a Gauntlet)

   [ring of willpower]

   Str:       It affects your strength (+4).
   Will:      It increases your willpower.
 g - the ring "Meapsaamij" (on tentacle) {rC+ rCorr Int+4}
   (You acquired it in a Gauntlet)

   [ring of protection from cold]

   Int:       It affects your intelligence (+4).
   rC:        It protects you from cold.
   rCorr:     It protects you from acid and corrosion.
 h - the ring of Sorepodi (right tentacle) {Str+6 Stlth+}
   (You found it on level 6 of the Lair of Beasts)

   [ring of strength]

   Str:       It affects your strength (+6).
   Stlth:     It makes you more stealthy.
 j - a +6 ring of strength (left tentacle)
 r - a +6 ring of intelligence (on tentacle)
 y - a ring of flight
 C - a ring of willpower (on tentacle)
 N - an amulet of regeneration (around mantle)
 T - the ring of the Endless Expanse (on tentacle) {rPois rF+ Str+4 Stlth+}
   (You acquired it on level 13 of the Dungeon)

   [ring of protection from fire]

   Str:       It affects your strength (+4).
   rF:        It protects you from fire.
   rPois:     It protects you from poison.
   Stlth:     It makes you more stealthy.
 W - a ring of see invisible (on tentacle)
Wands
 m - a wand of paralysis (1)
 o - a wand of iceblast (3)
 M - a wand of digging (13)
 P - a wand of mindburst (14)
 X - a wand of acid (8)
 Z - a wand of flame (2)
Scrolls
 i - 2 scrolls of blinking
 n - a scroll of amnesia
 p - 3 scrolls of fog
 q - 2 scrolls of fear
 v - 4 scrolls of teleportation
 B - 2 scrolls of magic mapping
 I - 2 scrolls of summoning
 Q - 2 scrolls of brand weapon
 V - 2 scrolls of vulnerability
Potions
 d - 7 potions of curing
 e - a potion of berserk rage {unknown}
 f - 3 potions of resistance {unknown}
 k - a potion of haste {unknown}
 s - 2 potions of might
 t - a potion of degeneration {unknown}
 x - 2 potions of attraction {unknown}
 D - 2 potions of cancellation {unknown}
 H - 2 potions of ambrosia {unknown}
 L - a potion of mutation
 O - a potion of flight {unknown}
 R - a potion of heal wounds
 U - a potion of lignification
 Y - 3 potions of invisibility {unknown}
Miscellaneous
 J - a tin of tremorstones (2/2)
 S - a phantom mirror


   Skills:
 - Level 4.0 Fighting
 - Level 6.0 Short Blades
 + Level 4.5 Dodging
 - Level 10.0 Stealth
 - Level 8.0 Spellcasting
 - Level 10.0 Conjurations
 - Level 4.0 Hexes
 - Level 8.0 Summonings
 - Level 4.0 Translocations
 - Level 12.0 Transmutations
 + Level 8.3 Air Magic
 - Level 12.0 Earth Magic


You had 8 spell levels left.
You knew the following spells:

 Your Spells              Type           Power      Damage    Failure   Level
a - Sandblast             Erth           100%       2d20      1%          1
i - Irradiate             Conj/Tmut      36%        3d25      1%          5
l - Summon Lightning Spi  Summ/Air       61%        N/A       1%          4
p - Petrify               Tmut/Erth      75%        N/A       1%          4
v - Summon Mana Viper     Hex/Summ       51%        N/A       9%          5
w - Passwall              Tmut/Erth      62%        N/A       1%          2
x - Apportation           Tloc           78%        N/A       1%          1

Your spell library contained the following spells:

 Spells                   Type           Power      Damage    Failure   Level
 Foxfire                  Conj/Fire      100%       2x1d9     1%          1
 Magic Dart               Conj           100%       1d8       1%          1
 Summon Small Mammal      Summ           100%       N/A       1%          1
 Call Imp                 Summ           60%        N/A       1%          2
 Conjure Flame            Conj/Fire      46%        6-21      1%          3
 Gell's Gravitas          Tloc           39%        N/A       1%          3
 Ignite Poison            Fire/Tmut/Pois 39%        N/A       1%          3
 Mephitic Cloud           Conj/Pois/Air  52%        N/A       1%          3
 Stone Arrow              Conj/Erth      100%       3d13      1%          3
 Teleport Other           Tloc           39%        N/A       1%          3
 Airstrike                Air            30%        N/A       1%          4
 Lightning Bolt           Conj/Air       32%        1d50      2%          5
 Animate Skeleton         Necr           26%        N/A       3%          1
 Freeze                   Ice            52%        1d7       3%          1
 Ice Form                 Ice/Tmut       51%        N/A       3%          4
 Inner Flame              Hex/Fire       26%        N/A       4%          3
 Flame Wave               Conj/Fire      46%        2d10      4%          4
 Hailstorm                Conj/Ice       46%        3d11      4%          4
 Sticky Flame             Conj/Fire      46%        2d6       4%          4
 Summon Ice Beast         Ice/Summ       39%        N/A       7%          4
 Summon Forest            Summ/Tloc      25%        N/A       9%          5
 Frozen Ramparts          Ice            26%        1d4       11%         3
 Anguish                  Hex/Necr       13%        N/A       16%         4
 Summon Cactus Giant      Summ           30%        N/A       21%         6
 Agony                    Necr           13%        N/A       67%         5
 Dispersal                Tloc           19%        N/A       71%         6
 Monstrous Menagerie      Summ           30%        N/A       73%         7
 Malign Gateway           Summ/Tloc      25%        N/A       94%         7
 Summon Horrible Things   Summ           30%        N/A       100%        8


Dungeon Overview and Level Annotations

Branches:
Dungeon (13/15)            Temple (1/1) D:6            Lair (6/6) D:11
  Swamp (0/4) Lair:4        Snake (0/4) Lair:2        Slime (0/5) Lair:6
    Orc (1/2) D:11         Bailey (visited)         Gauntlet (visited)
 Vaults: D:13-14

Altars:
Ashenzari
Cheibriados
Dithmenos
Elyvilon
Fedhas
Gozag
Hepliaklqana
Kikubaaqudgha
Makhleb
Nemelex Xobeh
Okawaru
Qazlal
Ru
Sif Muna
Trog
Uskayaw
Vehumet
Wu Jian
Xom
Yredelemnul
Zin
The Shining One
Jiyva

Shops:
D:12 :   D:13 =   Lair:6 :*

Portals:
Trove: D:11 (give 7 potions of haste)

Annotations:
D:6 3 runed translucent doors, erker's ghost, novice OpEE
D:7 Joseph
D:12 Rupert
Lair:4 exclusion: hydra


Innate Abilities, Weirdness & Mutations

You cannot wear most types of armour.
You are amphibious.
You can wear up to eight rings at the same time.
Your skin changes colour to match your surroundings (Stealth+).
Your rubbery body absorbs attacks. (AC +1, EV +1)
((You are camouflaged when in or above water. (Stealth+)))
You have tentacles for arms and can constrict up to eight enemies at once.


Message History

Found a scale mail.
You see here a +0 scale mail.
An eight-headed hydra comes into view.
Casting: Petrify (safe; 1% risk of failure)
Confirm with . or Enter, or press ? or * to list all spells.
An electric hum fills the air.
Casting: Summon Lightning Spire (mildly dangerous; 1% risk of failure)
Confirm with . or Enter, or press ? or * to list all spells.
Aiming: Petrify (safe; 1% risk of failure)
Press: ? - help, Shift-Dir - straight line, f - eight-headed hydra
Aim: an eight-headed hydra (asleep, chance to affect: 49%)
The eight-headed hydra roars!
The eight-headed hydra is moving more slowly.
A cane toad comes into view.
The cane toad croaks.
The eight-headed hydra stops moving altogether!
Casting: Petrify (safe; 1% risk of failure)
Confirm with . or Enter, or press ? or * to list all spells.
Aiming: Petrify (safe; 1% risk of failure)
Press: ? - help, Shift-Dir - straight line, f - cane toad, p - eight-headed hydra
Aim: a cane toad (chance to affect: 80%)
The cane toad is moving more slowly.
The cane toad closely misses you.
The cane toad stops moving altogether!
The eight-headed hydra is no longer petrified.
The eight-headed hydra closely misses you. x2
The eight-headed hydra bites you! x2
The eight-headed hydra completely misses you.
The eight-headed hydra bites you! x2; The eight-headed hydra misses you.
You hit the eight-headed hydra but do no damage.
The eight-headed hydra bites you. The eight-headed hydra bites you!
The eight-headed hydra bites you. The eight-headed hydra bites you!
* * * LOW HITPOINT WARNING * * *
The eight-headed hydra barely misses you.
The eight-headed hydra completely misses you.
The eight-headed hydra bites you!
* * * LOW HITPOINT WARNING * * *
The eight-headed hydra bites you!
You die...
Your body crumbles into a pile of gold.

..#..# ###### ###.##
..#### ### ..# # ..#
##.#. ..# ####..... .##
#####...#.... ..#
#P#.#........ ..###
#####.P..........
....####P##...F.@D......
....##P.......##....#.##
.#..#....[....##..###
...P.......8#####.#
........####.# ##
.......## ## .....P##
.....## ......#


You could see an eight-headed hydra and a cane toad (petrified).

Vanquished Creatures
  A minotaur (Gauntlet)
  A fire dragon (Lair:6)
  7 hydras
  2 boulder beetles (D:12)
  5 two-headed ogres
  11 death yaks
  Nergalle (D:11)
  3 lindwurms
  Pikel (D:6)
  2 manticores
  A cyclops (D:11)
  An ugly thing (D:9)
  14 elephants
  18 cane toads
  6 torpor snails
  A gargoyle (D:11)
  2 black mambas
  11 komodo dragons
  An unseen horror (D:12)
  A kobold demonologist (D:12)
  4 rime drakes
  6 hornets
  6 trolls
  2 polar bears
  Grinder (D:3)
  Prince Ribbit (D:6)
  A slime creature (D:10)
  12 blink frogs
  4 tyrant leeches
  19 flying skulls (Gauntlet)
  4 wyverns
  A vampire (D:10)
  3 shadows
  3 basilisks
  A wraith (D:10)
  Sigmund (D:3)
  44 yaks
  A steam dragon (D:9)
  8 vampire mosquitoes
  A swamp worm (Lair:4)
  2 acid dragons
  15 water moccasins
  A necrophage (D:6)
  16 orc warriors
  5 black bears
  A sky beast (D:7)
  18 centaurs
  3 lemures (D:6)
  3 phantoms
  A kobold brigand (D:10)
  Blork the orc (D:6)
  13 bullfrogs
  3 gnoll sergeants
  3 scorpions
  A wyvern zombie (D:6)
  A water moccasin zombie (D:6)
  6 killer bees (D:8)
  4 wights (D:6)
  2 howler monkeys
  5 electric eels
  3 lava snakes (Lair:2)
  2 centaur zombies
  2 hounds
  2 jellies
  6 orc priests
  A bullfrog skeleton (D:6)
  A centaur skeleton (D:5)
  3 iguanas
  Natasha (thrice) (D:2)
  14 orc wizards
  13 hell rats
  A hound zombie (D:5)
  2 hound skeletons
  A howler monkey zombie (D:10)
  12 gnolls
  7 adders
  2 shadow imps (D:6)
  An ufetubus (D:7)
  3 adder skeletons (D:4)
  A worm (D:4)
  5 dart slugs
  60 orcs
  11 ball pythons
  11 endoplasms
  A giant cockroach (D:2)
  8 hobgoblins
  5 jackals
  7 quokkas
  2 bats
  3 frilled lizards
  6 goblins
  4 kobolds
  7 rats
  A spectral hobgoblin (D:1)
528 creatures vanquished.

Vanquished Creatures (collateral kills)
  2 hornets (Lair:6)
  A water moccasin (Lair:6)
3 creatures vanquished.

Vanquished Creatures (others)
  An orc (Bailey)
  4 bushes (Lair:1)
  46 fungi
  150 plants
  A withered plant (Gauntlet)
202 creatures vanquished.

Grand Total: 733 creatures vanquished

Notes
Turn   | Place    | Note
-------+----------+-------------------------------------------
     0 | D:1      | erker the Octopode Earth Elementalist began the quest for
                  | the Orb.
     0 | D:1      | Reached XP level 1. HP: 11/11 MP: 3/3
   196 | D:1      | Reached skill level 1 in Short Blades
   196 | D:1      | Reached XP level 2. HP: 13/17 MP: 5/5
   332 | D:1      | Learned a level 2 spell: Passwall
   769 | D:1      | Reached XP level 3. HP: 21/21 MP: 6/6
   843 | D:1      | Found a faded altar of an unknown god.
  1428 | D:2      | Noticed Natasha
  1437 | D:2      | Killed Natasha
  1438 | D:2      | Reached XP level 4. HP: 23/27 MP: 5/7
  1681 | D:2      | Noticed Natasha
  1685 | D:2      | Killed Natasha
  1760 | D:3      | Found a broken altar of Ashenzari.
  1906 | D:3      | Noticed Grinder
  1925 | D:3      | Killed Grinder
  1926 | D:3      | Reached XP level 5. HP: 3/31 MP: 0/8
  1926 | D:3      | Reached XP level 6. HP: 3/36 MP: 0/9
  2201 | D:3      | Noticed Sigmund
  2257 | D:3      | Reached skill level 5 in Earth Magic
  2719 | D:2      | Learned a level 4 spell: Petrify
  2789 | D:2      | Noticed Natasha
  2794 | D:2      | Killed Natasha
  2960 | D:3      | Reached XP level 7. HP: 39/41 MP: 6/10
  3100 | D:3      | Killed Sigmund
  3727 | D:4      | Reached skill level 5 in Transmutations
  4360 | D:4      | Reached XP level 8. HP: 31/46 MP: 4/11
  4493 | D:4      | Found a shadowy altar of Dithmenos.
  4627 | D:4      | Found an ancient bone altar of Kikubaaqudgha.
  4628 | D:4      | Found a radiant altar of Vehumet.
  4631 | D:4      | Found a shimmering blue altar of Sif Muna.
  4638 | D:4      | Got Sif Muna's Grimoire of Companions
  5145 | D:5      | Entered Level 5 of the Dungeon
  6271 | D:5      | Identified the +6 falchion of Resourcefulness {drain, rElec
                  | rC+ Int-2 Dex+4}
  6378 | D:5      | Reached XP level 9. HP: 32/51 MP: 6/15
  6544 | D:5      | Reached skill level 5 in Stealth
  7100 | D:6      | Noticed Prince Ribbit
  7103 | D:6      | Killed Prince Ribbit
  7207 | D:6      | Learned a level 1 spell: Apportation
  7241 | D:6      | Noticed Blork the orc
  7257 | D:6      | Killed Blork the orc
  7302 | D:6      | Found a staircase to the Ecumenical Temple.
  7308 | Temple   | Entered the Ecumenical Temple
  7409 | D:6      | Found a burning altar of Makhleb.
  8222 | D:6      | Found a runed translucent gate.
  8222 | D:6      | Found a runed translucent gate.
  8222 | D:6      | Found a runed translucent gate.
  8222 | D:6      | Noticed erker's ghost (novice OpEE)
  8224 | D:6      | Found a basalt altar of Yredelemnul.
  8736 | D:6      | Noticed Pikel
  8752 | D:6      | Killed Pikel
  8794 | D:6      | Reached skill level 10 in Earth Magic
  8964 | D:6      | Reached XP level 10. HP: 55/56 MP: 13/16
  9199 | D:7      | Found a snail-covered altar of Cheibriados.
  9689 | D:7      | Noticed Joseph
 10672 | D:8      | Reached skill level 10 in Transmutations
 11354 | D:9      | Found a sacrificial altar of Ru.
 11384 | D:9      | Got the Almanac of Sinister Battle Magic
 11397 | D:9      | Learned a level 5 spell: Irradiate
 11601 | D:9      | Noticed a purple ugly thing
 11613 | D:9      | Killed a purple ugly thing
 11614 | D:9      | Reached skill level 5 in Spellcasting
 11614 | D:9      | Reached skill level 1 in Conjurations
 12298 | D:10     | Entered Level 10 of the Dungeon
 12412 | D:10     | Found an opulent altar of Gozag.
 12413 | D:10     | Found an opulent altar of Gozag.
 12417 | D:10     | Found an opulent altar of Gozag.
 12420 | D:10     | Became a worshipper of Gozag Ym Sagoz the Greedy
 12455 | D:10     | Reached XP level 11. HP: 37/61 MP: 15/19
 12500 | D:10     | Found a flagged portal.
 12532 | Bailey   | Entered a bailey
 13676 | Bailey   | Identified the +4 executioner's axe of Embarrassment {elec,
                  | Dex+2}
 14545 | Bailey   | Reached skill level 5 in Conjurations
 15648 | D:10     | Noticed a two-headed ogre
 15681 | D:10     | Killed a two-headed ogre
 15877 | D:10     | Noticed a two-headed ogre
 15886 | D:10     | Killed a two-headed ogre
 15913 | D:10     | Noticed a manticore
 16292 | D:10     | Killed a manticore
 16484 | D:10     | Found an opulent altar of Gozag.
 16592 | D:11     | Found a portal to a secret trove of treasure.
 16628 | D:11     | Noticed a death yak
 16628 | D:11     | Noticed a two-headed ogre
 16695 | D:11     | Noticed a cyclops
 16715 | D:11     | Killed a cyclops
 16716 | D:11     | Reached XP level 12. HP: 25/66 MP: 10/22
 16834 | D:11     | Noticed a death yak
 16875 | D:11     | Noticed a death yak
 16875 | D:11     | Noticed a death yak
 16901 | D:11     | Noticed a death yak
 16904 | D:11     | Noticed a death yak
 16941 | D:11     | Found a gate leading to a gauntlet.
 16948 | Gauntlet | Entered a Gauntlet
 16948 | Gauntlet | Noticed a death yak
 16948 | Gauntlet | Found a transporter.
 16954 | Gauntlet | Noticed a death scarab
 16957 | Gauntlet | Found a transporter.
 16957 | Gauntlet | Noticed a death scarab
 16959 | Gauntlet | Found a transporter.
 16959 | Gauntlet | Found a transporter.
 16962 | Gauntlet | Found a transporter.
 16963 | Gauntlet | Found a transporter.
 16972 | Gauntlet | Found a transporter.
 16992 | Gauntlet | Found a transporter.
 17005 | Gauntlet | Noticed a hell beast
 17009 | Gauntlet | Found a transporter.
 17013 | Gauntlet | Found a transporter.
 17019 | Gauntlet | Noticed a death yak
 17021 | Gauntlet | Noticed a death yak
 17021 | Gauntlet | Noticed a death yak
 17023 | Gauntlet | Noticed a death yak
 17024 | Gauntlet | Found a transporter.
 17078 | Gauntlet | Found a transporter.
 17520 | Gauntlet | Identified the ring of Ocoafol {Will+ Str+4}
 17574 | Gauntlet | Identified the +3 great mace "Woripig" {elec, *Rage rPois
                  | rF+ Stlth+}
 17574 | Gauntlet | Identified the +1 chain mail of Miot {rN++}
 17574 | Gauntlet | Noticed a minotaur
 17635 | Gauntlet | Acquired the ring "Meapsaamij" {rC+ rCorr Int+4}
 17681 | Gauntlet | Killed a minotaur
 17749 | D:11     | Noticed a two-headed ogre
 17761 | D:11     | Killed a two-headed ogre
 17867 | D:11     | Found a staircase to the Orcish Mines.
 18241 | D:11     | Noticed Nergalle
 18423 | D:11     | Killed Nergalle
 18494 | D:11     | Killed a two-headed ogre
 18530 | D:11     | Found a staircase to the Lair.
 18530 | D:11     | Noticed a death yak
 18747 | D:12     | Found an iron altar of Okawaru.
 18748 | D:12     | Noticed a two-headed ogre
 18758 | D:12     | Killed a two-headed ogre
 18759 | D:12     | Reached skill level 10 in Conjurations
 18935 | D:13     | Bought a ring of see invisible for 195 gold pieces
 18959 | D:13     | Acquired the ring of the Endless Expanse {rPois rF+ Str+4
                  | Stlth+}
 19045 | D:12     | Noticed a boulder beetle
 19069 | D:12     | Killed a boulder beetle
 19070 | D:12     | Reached XP level 13. HP: 71/71 MP: 7/25
 19373 | D:12     | Noticed Rupert
 19663 | Orc:1    | Entered Level 1 of the Orcish Mines
 20318 | Lair:1   | Entered Level 1 of the Lair of Beasts
 20376 | Lair:1   | Reached skill level 1 in Fighting
 21264 | Lair:1   | Reached skill level 5 in Short Blades
 21870 | Lair:2   | Reached skill level 1 in Translocations
 21903 | Lair:2   | Found a staircase to the Snake Pit.
 22349 | Lair:2   | Learned a level 5 spell: Summon Mana Viper
 22504 | Lair:2   | Reached skill level 1 in Summonings
 23028 | Lair:3   | Reached skill level 1 in Hexes
 24522 | Lair:4   | Reached XP level 14. HP: 84/84 MP: 22/26
 24576 | Lair:4   | Found a staircase to the Swamp.
 24943 | Lair:3   | Reached skill level 10 in Stealth
 26076 | Lair:5   | Reached skill level 5 in Summonings
 28072 | Lair:6   | Entered Level 6 of the Lair of Beasts
 28081 | Lair:6   | Found a staircase to the Slime Pits.
 28081 | Lair:6   | Found a viscous altar of Jiyva.
 28084 | Lair:6   | Bought a scroll of teleportation for 42 gold pieces
 28087 | Lair:6   | Bought a book of Storms for 448 gold pieces
 28092 | Lair:6   | Learned a level 4 spell: Summon Lightning Spire
 28233 | Lair:6   | Reached skill level 1 in Air Magic
 28687 | Lair:6   | Identified the ring of Sorepodi {Str+6 Stlth+}
 28855 | Lair:6   | Reached skill level 5 in Air Magic
 29396 | Lair:6   | Reached XP level 15. HP: 65/90 MP: 14/27
 29733 | Lair:6   | Paralysed by a hornet for 2 turns
 29938 | Lair:6   | Found a runed translucent door.
 30587 | Lair:6   | Mangled by an eight-headed hydra

Illustrated notes

Levels and vault maps discovered:
D:1:      dpeg_arrival_stonehenge_8_columns, layout_loops_cross,
          dreamdust_ecumenical_altar_drowned_temple, minmay_misc_feat_iff,
          minivault_23
D:2:      layout_loops_ring, grunt_decor_mini_mirrors, grunt_ministairs_14,
          hangedman_feature_mirror, uniq_natasha
D:3:      layout_rooms, nicolae_ashenzari_skybound, serial_glass,
          glass_columns_a, glass_columns_a, minmay_diced_spiral, uniq_sigmund,
          uniq_grinder
D:4:      layout_basic, grunt_temple_overflow_magic_moments,
          nicolae_dithmenos_through_a_glass_darkly
D:5:      layout_layer_cave
D:6:      layout_basic, nicolae_yredelemnul_ghost_church,
          mainiacjoe_overflow_catwalk, minmay_temple_entry_wispy,
          kennysheep_generic_room_2, uniq_blork_the_orc, uniq_pikel,
          uniq_prince_ribbit1
D:7:      layout_gridville, mainiacjoe_overflow_chevrons, corexii_checkpoint_a,
          uniq_joseph
D:8:      layout_basic
D:9:      layout_irregular_city, general_overflow_altar, minmay_misc_feat_x
D:10:     layout_cave_pools, nicolae_gozag_conspicuous_consumption,
          enter_bailey_8, kennysheep_kite_vault
D:11:     layout_loops_ring, dpeg_lair_monsters, hiddenorc1_lemuel,
          nicolae_trove_entry_columns, gauntlet_entry_generic,
          roderic_lattice_a, uniq_nergalle
D:12:     layout_irregular_city, okawaru_gym_becter, uniq_rupert
D:13:     kennysheep_seaside_town, layout_basic,
          hangedman_vaults_entry_quadrant_bands, serial_shops,
          nicolae_shop_crystal
Temple:   nicolae_temple_hex_pool
Lair:1:   layout_misc_corridors, serial_forest, infiniplex_forest_pool,
          infiniplex_forest_corner_1, infiniplex_forest_pool,
          infiniplex_forest_clump_curved, infiniplex_forest_pool,
          infiniplex_forest_lined_3, infiniplex_forest_side_room,
          infiniplex_forest_clump_C, infiniplex_forest_lined_4_way,
          infiniplex_forest_clump_double, nicolae_quartered_pool_super,
          serial_bayou_shore_b
Lair:2:   layout_gridlike, nicolae_lair_liquid_snakes
Lair:3:   layout_roguey, pond, grunt_megastairs_5
Lair:4:   layout_layer_cave, minmay_swamp_entry_worms, serial_bayou_shore_b
Lair:5:   layout_regular_city
Lair:6:   wormcave, layout_hall_layers, slime_altar_1,
          infiniplex_staircase_pool, lemuel_fruit_tree
Orc:1:    layout_caves

Skill      XL: |  1  2  3  4  5  6  7  8  9 10 11 12 13 14 15 |
---------------+----------------------------------------------+-----
Stealth        | 3 4 6 7 8 9 10 | 10.0
Short Blades   | 1 2 3 4 5 6 |  6.0
Earth Magic    | 4 5 6 8 10 11 12 | 12.0
Transmutations | 4 6 8 10 12 | 12.0
Spellcasting   | 4 5 7 8 |  8.0
Conjurations   | 3 8 10 | 10.0
Fighting       | 3 4 |  4.0
Dodging        | 4 |  4.5
Translocations | 2 4 |  4.0
Summonings     | 3 8 |  8.0
Hexes          | 2 4 |  4.0
Air Magic      | 6 8 |  8.3

Action                   |  1- 3 |  4- 6 |  7- 9 | 10-12 | 13-15 || total
-------------------------+-------+-------+-------+-------+-------++-------
Melee: Dagger            |    56 |    63 |   173 |   324 |   320 ||   936
       Tentacles         |    11 |    17 |    47 |   108 |    90 ||   273
       Constrict         |    10 |    19 |    42 |    63 |    31 ||   165
       Punch             |     1 |       |     5 |     2 |     7 ||    15
       Quick blade       |       |       |     4 |    36 |       ||    40
Throw: Dart              |       |       |       |    12 |    13 ||    25
 Cast: Sandblast         |     4 |    21 |    47 |    80 |   107 ||   259
       Passwall          |       |     2 |     5 |    31 |    18 ||    56
       Petrify           |       |       |    31 |   116 |   210 ||   357
       Apportation       |       |       |     1 |       |     2 ||     3
       Irradiate         |       |       |       |    15 |    24 ||    39
       Summon Lightning  |       |       |       |       |     9 ||     9
       Summon Mana Viper |       |       |       |       |     1 ||     1
Invok: Call Merchant     |       |       |       |     2 |     2 ||     4
Evoke: Wand              |       |       |       |     2 |     7 ||     9
       Tin of tremorston |       |       |       |     1 |     1 ||     2
  Use: Potion            |       |       |     2 |     9 |       ||    11
       Scroll            |       |       |       |    16 |    12 ||    28
 Stab: Sleeping          |    22 |     4 |    18 |    25 |    20 ||    89
       Distracted        |       |     2 |       |       |       ||     2
       Petrified         |       |       |    36 |   156 |   218 ||   410
       Petrifying        |       |       |     2 |     4 |     4 ||    10
Armor: Skin              |     1 |     3 |    10 |    24 |     4 ||    42
Dodge: Dodged            |    15 |    30 |   100 |   153 |   110 ||   408
Block: Buckler           |       |       |       |    26 |    10 ||    36
